 Dungeon Crawl Stone Soup version 0.29.1-12-g30fa7ad0bf (webtiles) character file.

Game seed: 6956533935502760372

279 swagmaster the Cudgeller (level 6, -7/58 HPs)
             Began as a Gargoyle Berserker on Jan 5, 2023.
             Was a Believer of Trog.
             Mangled by an ogre
             ... wielding a +0 giant club
              (24 damage)
             ... on level 4 of the Dungeon.
             The game lasted 00:07:06 (3089 turns).

swagmaster the Cudgeller (Gargoyle Berserker)       Turns: 3089, Time: 00:07:06

Health: -7/58      AC:  9    Str: 22    XL:     6   Next: 26%
Magic:  6/6        EV: 12    Int:  8    God:    Trog [**....]
Gold:   223        SH:  0    Dex: 15    Spells: 5/5 levels left

rFire   . . .      SeeInvis .   a - +0 mace
rCold   . . .      Faith    .   (no shield)
rNeg    + . .      Spirit   .   m - +2 leather armour {Will+}
rPois   ∞          Reflect  .   (no helmet)
rElec   +          Harm     .   (no cloak)
rCorr   .          Rampage  .   (no gloves)
Will    +....                   (no boots)
Stlth   ..........              (no amulet)
HPRegen 0.19/turn               i - +6 ring of dexterity
MPRegen 0.10/turn               (no ring)

@: berserking, very quick
A: sickness immunity, AC +4, negative energy resistance 1, electricity
resistance, torment resistance 1, petrification resistance
a: Renounce Religion, Berserk, Trog's Hand


You were on level 4 of the Dungeon.
You worshipped Trog.
Trog was pleased with you.
You visited 1 branch of the dungeon, and saw 4 of its levels.

You collected 223 gold pieces.

Inventory:

Hand Weapons
 a - a +0 mace (weapon)
Missiles
 c - a throwing net (quivered)
Armour
 m - a +2 leather armour of willpower (worn)
Jewellery
 i - a +6 ring of dexterity (left hand)
Scrolls
 g - a scroll of magic mapping {unknown}
 j - a scroll of identify {unknown}
Potions
 b - a potion of flight {unknown}
 d - a potion of haste {unknown}
 e - a potion of curing {unknown}
 f - 2 potions of lignification {unknown}
 h - 3 potions of degeneration {unknown}
 k - a potion of attraction {unknown}
 l - a potion of cancellation {unknown}


   Skills:
 + Level 4.4 Fighting
 + Level 5.1 Maces & Flails
 + Level 2.9 Armour
 + Level 2.7 Dodging
 + Level 1.1 Stealth


You had 5 spell levels left.
You didn't know any spells.
Your spell library was empty.

Dungeon Overview and Level Annotations

Branches:
Dungeon (4/15)
 Temple: D:4-7

Altars:
Okawaru
Wu Jian
Zin

Annotations:
D:2 Sigmund
D:4 2 transporters, ctx's ghost, novice MeEE


Innate Abilities, Weirdness & Mutations

You are immune to sickness and miasma.
Your stone body is resilient. (AC +4)
You are immune to poison.
You resist negative energy. (rN+)
You are resistant to electric shocks. (rElec)
You are resistant to unholy torment.
You are immune to petrification.


Message History

The endoplasm jiggles.
You now have 223 gold pieces (gained 10).
d - a murky amethyst potion An adder comes into view.
An ogre comes into view. It is wielding a +0 giant club.
The adder hisses angrily.
The ogre shouts!
The adder bites you but does no damage.
An adder comes into view.
The adder closely misses you.
The adder moves out of view.
You closely miss the adder. The adder barely misses you.
You closely miss the adder. The adder barely misses you.
The adder closely misses you.
You miss the adder. The adder closely misses you.
You closely miss the adder. The adder barely misses you.
The adder bites you but does no damage.
You hit the adder.
The adder is moderately wounded.
The adder bites you but does no damage.
The adder hisses angrily.
You thump the adder!
You kill the adder!
Trog accepts your kill.
You hit the ogre.
The ogre is lightly wounded.
The ogre barely misses you.
You hit the ogre.
The ogre is moderately wounded.
The ogre hits you with a +0 giant club!
You barely miss the ogre.
The ogre is moderately wounded.
You hit the ogre but do no damage.
The ogre is moderately wounded.
The ogre hits you with a +0 giant club!
* * * LOW HITPOINT WARNING * * *
You are too injured to fight recklessly!
A red film seems to cover your vision as you go berserk!
You feel yourself moving faster!
You feel mighty!
The ogre hits you with a +0 giant club!!
You die...

... .. .. # . .# .
. .##.#...
....########.......
#...SO@.....# ### .
#..########.# ..#
#+ #....# #.# .#
#.##.# #.# ##
#.#..# #.# .#
#.#..#####.# ##
#..........#..# .#
#....#####.#..# ###
#....#...#.#..#


You could see an ogre and an adder.

Vanquished Creatures
  An ogre (D:4)
  A hound (D:3)
  An orc priest (D:3)
  7 adders
  2 worms
  3 orcs (D:3)
  3 ball pythons
  7 bats
  3 endoplasms
  2 giant cockroaches
  A goblin (D:4)
  3 hobgoblins
  16 jackals
  2 quokkas
  5 frilled lizards
  A kobold (D:1)
  10 rats
68 creatures vanquished.

Notes
Turn   | Place    | Note
-------+----------+-------------------------------------------
     0 | D:1      | swagmaster the Gargoyle Berserker began the quest for the
                  | Orb.
     0 | D:1      | Reached XP level 1. HP: 14/14 MP: 1/1
    84 | D:1      | Reached XP level 2. HP: 12/19 MP: 2/2
   736 | D:1      | Reached ** piety under Trog
   737 | D:1      | Reached XP level 3. HP: 24/24 MP: 3/3
  1151 | D:1      | Found a faded altar of an unknown god.
  1619 | D:2      | Reached skill level 4 in Maces & Flails
  1619 | D:2      | Reached XP level 4. HP: 15/29 MP: 4/4
  1901 | D:2      | Noticed Sigmund
  1957 | D:3      | Reached XP level 5. HP: 33/33 MP: 5/5
  2196 | D:3      | Found a glowing silver altar of Zin.
  2773 | D:4      | Found an ornate altar of the Wu Jian Council.
  2806 | D:4      | Found an iron altar of Okawaru.
  2848 | D:4      | Noticed an ogre
  2861 | D:4      | Killed an ogre
  2862 | D:4      | Reached skill level 5 in Maces & Flails
  2862 | D:4      | Reached skill level 1 in Stealth
  2862 | D:4      | Reached XP level 6. HP: 39/39 MP: 6/6
  2903 | D:4      | Found a transporter.
  2903 | D:4      | Noticed ctx's ghost (novice MeEE)
  2904 | D:4      | Found a transporter.
  3089 | D:4      | Mangled by an ogre

Illustrated notes

Levels and vault maps discovered:
D:1:      mrwooster_arrival_statue_3, layout_loops_ring,
          chequers_ecumenical_altar_grove
D:2:      layout_basic, basic_altar, uniq_sigmund, uniq_robin, uniq_natasha
D:3:      layout_loops_ring, lemuel_doored_altar, amcnicky_mini_corridor_feature
D:4:      layout_basic, nicolae_overflow_squiral, gammafunk_ghost_arena,
          roderic_lattice_a, grunt_decor_fettered

Skill      XL: |  1  2  3  4  5 |
---------------+----------------+-----
Maces & Flails | 4 5 |  5.1
Dodging        | 2 |  2.7
Fighting       | 4 |  4.4
Stealth        | 1 |  1.1
Armour         | |  2.9

Action                   |  1- 3 |  4- 6 || total
-------------------------+-------+-------++-------
Melee: Mace              |   127 |   108 ||   235
       Punch             |     2 |       ||     2
Invok: Berserk           |       |     3 ||     3
 Stab: Sleeping          |       |     1 ||     1
Armor: Animal skin       |    49 |       ||    49
       Leather armour    |    23 |    35 ||    58
Dodge: Dodged            |    97 |    91 ||   188
